 Dungeon Crawl Stone Soup version 0.17-a0-119-g2b06fc5 (webtiles) character file.

84473 Kaesh the Bludgeoner (level 15, -11/174 HPs)
             Began as an Ogre Berserker on Mar 15, 2015.
             Was the Champion of Trog.
             Shot with a poisoned arrow by a naga sharpshooter (24 damage)
             ... on level 1 of the Snake Pit on Mar 20, 2015.
             The game lasted 01:54:13 (25090 turns).

Kaesh the Bludgeoner (Ogre Berserker)              Turns: 25090, Time: 01:54:13

Health: -11/174    AC:  7    Str: 30    XL:     15   Next: 80%
Magic:  0/15       EV: 17    Int: 14    God:    Trog [******]
Gold:   2738       SH:  0    Dex: 14    Spells: 0 memorised, 14 levels left

rFire  + . .     SeeInvis +     f - +7 giant club "Ixiu" {crush, rPois Int+3}
rCold  . . .     Clarity  .     E - +0 robe "Pymiqoogau" {rC+ Str+4}
rNeg   . . .     SustAb   .     (shield restricted)
rPois  +         Gourm    .     (helmet restricted)
rElec  +         Spirit   +     d - +2 cloak
rCorr  .         Warding  .     (gloves unavailable)
rMut   .         Stasis   .     (boots unavailable)
MR     +....                    K - amulet of Freczi {Spirit +Inv rElec Int+5}
Stlth  +.........               U - ring of see invisible
                                M - ring of fire

@: lethally poisoned (-11 -> -14), about to teleport, somewhat resistant to
hostile enchantments, very unstealthy
A: unfitting armour, tough skin 1
a: Burn Spellbooks, Berserk, Trog's Hand, Brothers in Arms, Renounce Religion,
Evoke Invisibility


You were on level 1 of the Snake Pit.
You worshipped Trog.
Trog was exalted by your worship.
You were hungry.

You visited 4 branches of the dungeon, and saw 23 of its levels.
You also visited: Ice Cave and Volcano.

You collected 2738 gold pieces.

Inventory:

Hand weapons
 b - the +6 giant club "Mimalon" {crush, rF+ rC- Dex+4}
   (Trog gifted it to you in an ice cave)

   It inflicts extra damage upon your enemies.
   It affects your dexterity (+4).
   It protects you from fire.
   It makes you vulnerable to cold.
 e - a +7 antimagic great mace
 f - the +7 giant club "Ixiu" (weapon) {crush, rPois Int+3}
   (Trog gifted it to you on level 1 of the Orcish Mines)

   It inflicts extra damage upon your enemies.
   It affects your intelligence (+3).
   It protects you from poison.
 y - the +7 giant spiked club of the Pyrrhic Victory {venom, MR+ Dex+3}
   (Trog gifted it to you on level 2 of the Orcish Mines)

   It poisons the flesh of those it strikes.
   It affects your dexterity (+3).
   It affects your resistance to hostile enchantments.
 A - the +8 giant club of Free Will {vamp, Str+2 Dex+3}
   (Trog gifted it to you on level 9 of the Dungeon)

   It inflicts no extra harm, but heals its wielder somewhat when it strikes a
   living foe.
   It affects your strength (+2).
   It affects your dexterity (+3).
 L - a +6 antimagic giant club
Armour
 d - a +2 cloak (worn)
 s - a +2 robe of fire resistance
 E - the +0 robe "Pymiqoogau" (worn) {rC+ Str+4}
   (You acquired it on level 5 of the Lair of Beasts)

   It affects your strength (+4).
   It protects you from cold.
 I - the +3 robe "Ybbeur" {rN+++ MP+9 Str-4 Stlth+}
   (You acquired it on level 8 of the Lair of Beasts)

   It affects your strength (-4).
   It renders you almost immune to negative energy.
   It affects your magic capacity (+9).
   It makes you more stealthy.
 J - a +2 animal skin of cold resistance
Rods
 X - a +1 rod of ignition (13/13)
   (You found it on level 8 of the Lair of Beasts)
Jewellery
 B - an uncursed amulet of resist mutation
 K - the amulet of Freczi (around neck) {Spirit +Inv rElec Int+5}
   (You found it on level 1 of the Lair of Beasts)

   [amulet of guardian spirit]

   It causes incoming damage to be split between your health and magic.
   It affects your intelligence (+5).
   It insulates you from electricity.
   It lets you turn invisible.
 M - a ring of fire (left hand)
 U - a ring of see invisible (right hand)
Magical devices
 u - a wand of fire (9)
 w - a wand of random effects (25)
 D - a wand of magic darts (18)
 N - a wand of confusion (21)
 V - a wand of lightning (2)
 Y - a wand of paralysis (3)
Scrolls
 g - 13 scrolls of identify
 i - 11 scrolls of remove curse
 m - 6 scrolls of magic mapping
 n - 8 scrolls of teleportation
 o - 3 scrolls of enchant armour
 p - 3 scrolls of enchant weapon
 r - 3 scrolls of recharging
 t - a scroll of vulnerability {unknown}
 Q - 3 scrolls of summoning {unknown}
 S - 2 scrolls of fog
Potions
 a - 2 potions of agility
 j - 2 potions of flight
 k - a potion of resistance
 l - a potion of heal wounds
 q - a potion of ambrosia
 x - a potion of brilliance
 z - 2 potions of haste
 F - 4 potions of curing
 G - 2 potions of restore abilities
 O - 3 potions of might
 R - 2 potions of berserk rage
Comestibles
 c - 8 meat rations
 h - 4 royal jellies
 C - 9 bread rations
 P - 14 fruits
 Z - 4 beef jerkies


   Skills:
 + Level 17.4 Fighting
 + Level 17.5 Maces & Flails
 + Level 11.7 Armour
 + Level 12.8 Dodging


You had 14 spell levels left.
You didn't know any spells.

Dungeon Overview and Level Annotations

Branches:
Dungeon (10/15)            Temple (0/1) D:7            Lair (8/8) D:10
  Swamp (0/5) Lair:4        Snake (1/5) Lair:5        Slime (0/6) Lair:7
    Orc (4/4) D:10            Elf (0/3) Orc:3

Altars:
Ashenzari
Cheibriados
Gozag
Qazlal
Sif Muna
Vehumet
Xom
Zin
The Shining One
Beogh

Shops:
D:4 [   Orc:1 [   Orc:4 [((:

Portals:
Trove: D:10 (give +5 fire dragon armour)


Innate Abilities, Weirdness & Mutations

You are too large for most types of armour.
You have tough skin (AC +1).


Message History

The naga sharpshooter magically shoots an arrow.
The arrow hits you!!
The naga sharpshooter mumbles some strange words.
The naga sharpshooter magically shoots a poisoned arrow.
The poisoned arrow hits you!
The naga sharpshooter casts a spell.
The naga sharpshooter magically shoots an arrow of dispersal.
The arrow of dispersal hits you!
* * * LOW HITPOINT WARNING * * *
You blink.
Read which item? (? for menu, Esc to quit)
As you read the scroll of teleportation, it crumbles to dust.
You feel strangely unstable.
You feel sick.
The naga sharpshooter casts a spell.
The naga sharpshooter magically shoots an arrow.
The arrow hits you!!
* * * LOW HITPOINT WARNING * * *
The naga sharpshooter shoots a poisoned arrow.
The poisoned arrow hits you!!
You die...

...$ .............#
....... ...####.....#
.......# #####....#
........# #..##....#
.........# #..##..<.#
........N## #..##....#
..........#####...##...#
............N..)ยง..##...#
........@..(...N.(.##...#
...##############..######
#####..## #..##...#
#..##...# .. #..##...##..
... ##..##...##..
...#####............
#....................


You could see 3 naga sharpshooters.

Vanquished Creatures
  3 orc warlords
  A frost giant (IceCv)
  7 hydras
  18 death yaks
  Urug (Orc:4)
  A naga sharpshooter (Snake:1)
  Erolcha (Orc:4)
  An ice statue (IceCv)
  4 orc knights (Orc:1)
  3 orc sorcerers
  2 griffons (Lair:4)
  3 toenail golems (Volcano)
  9 black mambas
  13 elephants
  8 spiny frogs
  7 komodo dragons
  A queen ant (Lair:4)
  2 torpor snails
  4 trolls
  2 giant leeches (Lair:8)
  Sonja (Orc:3)
  Prince Ribbit (Orc:1)
  2 fire drakes
  18 polar bears
  12 blink frogs
  A two-headed ogre (D:9)
  2 wyverns
  3 basilisks
  6 humans (Volcano)
  51 yaks
  A wraith (D:7)
  A spriggan (Lair:5)
  6 hippogriffs
  9 vampire mosquitoes (Lair:8)
  31 wolves
  A naga (Snake:1)
  A deep elf fighter (D:10)
  7 soldier ants (Lair:4)
  26 water moccasins
  54 orc warriors
  3 wargs
  3 sky beasts
  6 necrophages (Lair:7)
  11 porcupines
  2 black bears
  2 phantoms
  9 centaurs
  7 ice beasts
  13 crocodiles
  9 ogres
  Sigmund (D:4)
  2 big kobolds (D:10)
  27 giant frogs
  4 scorpions
  A goliath beetle (D:7)
  7 electric eels
  A centaur zombie (D:5)
  5 crimson imps
  A lava snake (Lair:6)
  2 giant frog zombies
  9 hounds
  33 orc wizards
  Crazy Yiuf (D:7)
  41 orc priests
  13 jellies
  2 centaur skeletons
  7 iguanas
  2 hell rats (Lair:7)
  30 worker ants
  6 sheep (Lair:6)
  A hound skeleton (D:6)
  2 worker ant zombies
  62 river rats
  27 adders
  3 shadow imps
  An orc skeleton (Orc:4)
  12 white imps (Lair:1)
  4 worms
  2 giant mites
  An adder zombie (D:8)
  9 giant geckos
  3 oozes
  211 orcs
  6 ball pythons
  A bat skeleton (D:8)
  A bat zombie (D:5)
  7 giant cockroaches
  13 hobgoblins
  7 jackals
  22 bats
  2 giant gecko skeletons
  A giant gecko zombie (D:7)
  5 giant newts
  21 goblins
  A jackal skeleton (D:8)
  A jackal zombie (D:9)
  34 kobolds
  14 quokkas
  23 rats
  7 fungi
  3 plants (Lair:7)
1092 creatures vanquished.

Vanquished Creatures (others)
  10 fungi
10 creatures vanquished.

Grand Total: 1102 creatures vanquished

Notes
Turn   | Place    | Note
--------------------------------------------------------------
     0 | D:1      | Kaesh, the Ogre Berserker, began the quest for the Orb.
     0 | D:1      | Reached XP level 1. HP: 24/24 MP: 1/1
   159 | D:1      | Reached XP level 2. HP: 32/32 MP: 2/2
   703 | D:2      | Reached XP level 3. HP: 38/40 MP: 3/3
   766 | D:2      | Acquired Trog's second power
  1190 | D:2      | Reached XP level 4. HP: 43/49 MP: 4/4
  1888 | D:3      | Reached skill level 5 in Fighting
  2493 | D:3      | Reached XP level 5. HP: 46/57 MP: 5/5
  3078 | D:4      | Found an opulent altar of Gozag.
  3078 | D:4      | Found a shimmering altar of Xom.
  3118 | D:4      | Noticed Sigmund
  3122 | D:4      | Killed Sigmund
  3122 | D:4      | Reached skill level 5 in Maces & Flails
  3122 | D:4      | Reached XP level 6. HP: 59/67 MP: 6/6
  3281 | D:4      | Found Kusa Qua's Armour Shop.
  3373 | D:4      | Noticed a phantom
  3375 | D:4      | Reached skill level 6 in Fighting
  3398 | D:4      | Killed a phantom
  3493 | D:4      | Reached XP level 7. HP: 35/76 MP: 7/7
  3863 | D:4      | Acquired Trog's third power
  3951 | D:4      | Found a stormy altar of Qazlal.
  3953 | D:4      | Found a deep blue altar of Sif Muna.
  3957 | D:4      | Found a radiant altar of Vehumet.
  4452 | D:5      | Entered Level 5 of the Dungeon
  4493 | D:5      | Reached skill level 7 in Fighting
  4834 | D:5      | Found a snail-covered altar of Cheibriados.
  4977 | D:5      | Reached XP level 8. HP: 82/87 MP: 8/8
  5538 | D:6      | Found a shattered altar of Ashenzari.
  6109 | D:6      | Reached skill level 8 in Fighting
  6355 | D:7      | Reached skill level 5 in Dodging
  6625 | D:7      | Found a staircase to the Ecumenical Temple.
  6697 | D:7      | Reached XP level 9. HP: 94/97 MP: 9/9
  6742 | D:7      | Reached skill level 5 in Armour
  6889 | D:7      | Noticed Crazy Yiuf
  6894 | D:7      | Killed Crazy Yiuf
  7174 | D:7      | Reached skill level 9 in Fighting
  7644 | D:8      | Upgraded the game from 0.17-a0-81-g781747f to 0.17-a0-82-g3e33fa6
  7832 | D:8      | Reached skill level 10 in Fighting
  8123 | D:9      | Found a glowing golden altar of the Shining One.
  8135 | D:9      | Reached XP level 10. HP: 65/110 MP: 10/10
  8483 | D:9      | Reached skill level 10 in Maces & Flails
  8496 | D:9      | Received a gift from Trog
  8504 | D:9      | Got a fine giant club {god gift}
  8722 | D:9      | Identified the +8 giant club of Free Will {vamp, Str+2 Dex+3} (Trog gifted it to you on level 9 of the Dungeon)
  9497 | D:9      | Upgraded the game from 0.17-a0-82-g3e33fa6 to 0.17-a0-105-g8f3376a
  9536 | D:10     | Entered Level 10 of the Dungeon
  9571 | D:10     | Found a portal to a secret trove of treasure.
  9698 | D:10     | Found a staircase to the Lair.
  9707 | Lair:1   | Entered Level 1 of the Lair of Beasts
  9712 | Lair:1   | Reached skill level 11 in Fighting
  9859 | Lair:1   | Found a frozen archway.
  9913 | IceCv    | Entered an ice cave
 10063 | IceCv    | Reached XP level 11. HP: 120/120 MP: 11/11
 10067 | IceCv    | Received a gift from Trog
 10071 | IceCv    | Got a pitted giant club {god gift}
 10072 | IceCv    | Noticed a death yak
 10084 | IceCv    | Killed a death yak
 10156 | IceCv    | Reached skill level 12 in Fighting
 10396 | IceCv    | Noticed an ice statue
 10403 | IceCv    | Killed an ice statue
 10564 | IceCv    | Noticed a death yak
 10565 | IceCv    | Noticed a death yak
 10574 | IceCv    | Killed a death yak
 10576 | IceCv    | Reached XP level 12. HP: 133/133 MP: 12/12
 10584 | IceCv    | Killed a death yak
 10585 | IceCv    | Reached skill level 13 in Fighting
 10630 | IceCv    | Noticed a frost giant
 10635 | IceCv    | Killed a frost giant
 10794 | Lair:1   | Received a gift from Trog
 10892 | Lair:1   | Got a warped jade amulet
 10946 | Lair:1   | Identified the amulet of Freczi {Spirit +Inv rElec Int+5} (You found it on level 1 of the Lair of Beasts)
 11188 | Lair:1   | You fall through a shaft!
 11974 | Lair:3   | Noticed a six-headed hydra
 11985 | Lair:3   | Killed a six-headed hydra
 11985 | Lair:3   | Reached skill level 14 in Fighting
 12033 | Lair:3   | Upgraded the game from 0.17-a0-105-g8f3376a to 0.17-a0-119-g2b06fc5
 12414 | Lair:3   | Reached skill level 10 in Dodging
 12414 | Lair:3   | Reached XP level 13. HP: 146/146 MP: 11/13
 12929 | Lair:4   | Received a gift from Trog
 12954 | Lair:4   | Found a staircase to the Swamp.
 13565 | Lair:4   | Received a gift from Trog
 14337 | Lair:5   | Identified a scroll of acquirement
 14341 | Lair:5   | Got a fabulously ornate robe
 14353 | Lair:5   | Identified the +0 robe "Pymiqoogau" {rC+ Str+4} (You acquired it on level 5 of the Lair of Beasts)
 14458 | Lair:5   | Received a gift from Trog
 14981 | Lair:5   | Found a staircase to the Snake Pit.
 15219 | Lair:5   | Reached skill level 15 in Fighting
 15526 | Lair:6   | Reached skill level 15 in Maces & Flails
 15530 | Lair:6   | Reached skill level 10 in Armour
 15697 | Lair:6   | Reached XP level 14. HP: 156/159 MP: 11/14
 15709 | Lair:6   | Received a gift from Trog
 16035 | Lair:6   | Found a dark tunnel.
 16040 | Volcano  | Entered a volcano
 17444 | Lair:7   | Reached skill level 16 in Maces & Flails
 17470 | Lair:7   | Received a gift from Trog
 17704 | Lair:7   | Found a staircase to the Slime Pits.
 18178 | Lair:7   | Received a gift from Trog
 18282 | Lair:8   | Entered Level 8 of the Lair of Beasts
 18660 | Lair:8   | Reached XP level 15. HP: 95/171 MP: 11/15
 18926 | Lair:8   | Got a fine robe
 18937 | Lair:8   | Identified the +3 robe "Ybbeur" {rN+++ MP+9 Str-4 Stlth+} (You acquired it on level 8 of the Lair of Beasts)
 19451 | Lair:8   | Found a glowing silver altar of Zin.
 19459 | Lair:8   | Received a gift from Trog
 20189 | D:10     | Found a staircase to the Orcish Mines.
 20220 | D:10     | Identified the +6 giant club "Mimalon" {crush, rF+ rC- Dex+4} (Trog gifted it to you in an ice cave)
 20643 | Orc:1    | Entered Level 1 of the Orcish Mines
 20647 | Orc:1    | Reached skill level 17 in Maces & Flails
 20662 | Orc:1    | Noticed Prince Ribbit
 20663 | Orc:1    | Received a gift from Trog
 20674 | Orc:1    | Killed Prince Ribbit
 20678 | Orc:1    | Got a blackened giant club {god gift}
 21299 | Orc:1    | Received a gift from Trog
 21422 | Orc:1    | Found Qeorchurut's Armour Boutique.
 21748 | Orc:2    | Received a gift from Trog
 21765 | Orc:2    | Got a crystal giant spiked club {god gift}
 21866 | Orc:2    | Found a roughly hewn altar of Beogh.
 21928 | Orc:2    | Identified the +7 giant club "Ixiu" {crush, rPois Int+3} (Trog gifted it to you on level 1 of the Orcish Mines)
 21932 | Orc:2    | Identified the +7 giant spiked club of the Pyrrhic Victory {venom, MR+ Dex+3} (Trog gifted it to you on level 2 of the Orcish Mines)
 22132 | Orc:3    | Found a staircase to the Elven Halls.
 22135 | Orc:3    | Noticed Sonja
 22143 | Orc:3    | Received a gift from Trog
 22148 | Orc:3    | Killed Sonja
 22381 | Orc:4    | Entered Level 4 of the Orcish Mines
 22381 | Orc:4    | Noticed Urug
 22388 | Orc:4    | Killed Urug
 22580 | Orc:4    | HP: 3/174 [orc warrior/trident[an orc warlord] (13)]
 22855 | Orc:4    | Received a gift from Trog
 23089 | Orc:4    | Noticed Erolcha
 23095 | Orc:4    | Killed Erolcha
 23218 | Orc:4    | Found a roughly hewn altar of Beogh.
 23218 | Orc:4    | Found Cocar's Book Boutique.
 23452 | Orc:4    | Found a roughly hewn altar of Beogh.
 23537 | Orc:4    | Found a roughly hewn altar of Beogh.
 23548 | Orc:4    | Found Huapsoaq's Antique Weapon Boutique.
 23622 | Orc:4    | Received a gift from Trog
 24167 | Orc:4    | Found a roughly hewn altar of Beogh.
 24181 | Orc:4    | Found Beoc's Antique Armour Shop.
 24183 | Orc:4    | Found Kakil's Antique Weapon Boutique.
 24381 | Orc:3    | Found a roughly hewn altar of Beogh.
 24670 | Orc:3    | Received a gift from Trog
 24966 | Snake:1  | Entered Level 1 of the Snake Pit
 25090 | Snake:1  | Shot with a poisoned arrow by a naga sharpshooter

Action                   |  1- 3 |  4- 6 |  7- 9 | 10-12 | 13-15 || total
-------------------------+-------+-------+-------+-------+-------++-------
Melee: Mace              |    64 |    74 |       |       |       ||   138
       Flail             |       |    82 |    21 |       |       ||   103
       Giant spiked club |       |       |   298 |    22 |   292 ||   612
       Giant club        |       |       |     3 |   344 |   875 ||  1222
       Great mace        |       |       |       |       |     1 ||     1
Invok: Berserk           |       |     1 |       |       |     7 ||     8
       Burn Spellbooks   |       |       |       |     1 |     3 ||     4
Evoke: Wand              |       |       |       |    12 |    16 ||    28
  Use: Potion            |     1 |     2 |     5 |     3 |     5 ||    16
       Scroll            |       |       |       |    10 |    10 ||    20
 Stab: Sleeping          |       |     2 |     6 |     2 |     2 ||    12
       Distracted        |       |       |     1 |       |     1 ||     2
  Eat: Chunk             |       |    10 |    14 |     9 |    35 ||    68
       Fruit             |       |       |       |     8 |    14 ||    22
       Bread ration      |       |       |       |     1 |       ||     1
       Meat ration       |       |       |       |       |     1 ||     1
